 Dungeon Crawl Stone Soup version 0.28.0-1-gb440e238dd (webtiles) character file.

Game seed: 12352290630860119985

9 386 the Insei (level 2, 15/21 HPs)
             Began as a Demonspawn Transmuter on Feb 27, 2022.
             Quit the game on level 1 of the Dungeon.
             The game lasted 00:01:13 (530 turns).

386 the Insei (Demonspawn Transmuter)                Turns: 530, Time: 00:01:13

Health: 15/21      AC:  2    Str: 10    XL:     2   Next: 6%
Magic:  3/5        EV: 12    Int: 14    God:
Gold:   8          SH:  0    Dex: 13    Spells: 4/5 levels left

rFire   . . .      SeeInvis .   b - +0 dagger
rCold   . . .      Faith    .   (no shield)
rNeg    . . .      Spirit   .   a - +0 robe
rPois   .          Reflect  .   (helmet currently unavailable)
rElec   .          Harm     .   (no cloak)
rCorr   .          Rampage  .   (no gloves)
Will    .....                   (boots currently unavailable)
Stlth   +.........              (no amulet)
HPRegen 0.07/turn               (no ring)
MPRegen 0.18/turn               (no ring)

@: appendages
A: horns 2, talons 2, magic regeneration
a: End Transformation


You were on level 1 of the Dungeon.
You had temporarily grown beastly horns and talons.
You visited 1 branch of the dungeon, and saw 1 of its levels.

You collected 8 gold pieces.

Inventory:

Hand Weapons
 b - a +0 dagger (weapon)
Armour
 a - a +0 robe (worn)
 e - a +0 pair of boots
Scrolls
 c - a scroll of teleportation {unknown}
Potions
 d - a potion of curing {unknown}


   Skills:
 + Level 1.2 Fighting
 + Level 1.9 Dodging
 + Level 0.5 Stealth
 - Level 2.6 Unarmed Combat
 + Level 2.1 Spellcasting
 + Level 2.0 Transmutations


You had 4 spell levels left.
You knew the following spells:

 Your Spells              Type           Power      Damage    Failure   Level
a - Beastly Appendage     Tmut           14%        N/A       11%         1

Your spell library contained the following spells:

 Spells                   Type           Power      Damage    Failure   Level
 Wereblood                Tmut           7%         N/A       16%         2
 Spider Form              Tmut/Pois      4%         N/A       43%         3
 Ice Form                 Ice/Tmut       4%         N/A       83%         4


Dungeon Overview and Level Annotations

Branches:
Dungeon (1/15)

Altars:


Innate Abilities, Weirdness & Mutations

You have temporarily grown beastly horns and talons.
You regenerate magic rapidly.


Message History

You completely miss the rat. The rat closely misses you.
You closely miss the rat. The rat closely misses you.
You closely miss the rat. The rat bites you but does no damage.
You hit the rat.
The rat is heavily wounded.
The rat bites you.
You closely miss the rat.
The rat is heavily wounded.
The rat barely misses you.
You hit the rat.
You kill the rat!
No target in view!
You see here a ball python corpse.
Found a leather armour.
You see here a +0 pair of boots.
e - a +0 pair of boots
There are no items here.
You see here 32 sling bullets.
A dart slug and an endoplasm come into view.
Found 23 stones.
You grow a pair of large bovine horns.
Your feet morph into talons.
A frilled lizard comes into view.
Found a leather armour.
The frilled lizard hisses angrily.
The endoplasm quivers.
You hit the dart slug. You claw the dart slug.
You punch the dart slug, but do no damage.
The dart slug is heavily wounded.
The dart slug closely misses you.
You hit the dart slug.
The dart slug is severely wounded.
You hit the dart slug but do no damage. You claw the dart slug.
You kill the dart slug!
The endoplasm freezes you.
You are frozen.
Your Transmutations skill increases to level 2!
You have reached level 2!
Your demonic ancestry asserts itself...
Your magic begins to regenerate rapidly.
Are you sure you want to abandon this character and quit the game? (Confirm with "yes".)

..# #.# #.## ...#
#..# # ###..# ..
#.####....###....
####................
..........##@##....
.#######..#[(J# .
###.##l## #...#...
#.#.#### #.#...
#+###### #.#####
#.##...## #.#
#.#.....### #.#
######.#........


You could see an endoplasm and a frilled lizard.

Vanquished Creatures
  A dart slug (D:1)
  A ball python (D:1)
  2 endoplasms (D:1)
  2 kobolds (D:1)
  A rat (D:1)
7 creatures vanquished.

Notes
Turn   | Place    | Note
-------+----------+-------------------------------------------
     0 | D:1      | 386 the Demonspawn Transmuter began the quest for the Orb.
     0 | D:1      | Reached XP level 1. HP: 15/15 MP: 3/3
   530 | D:1      | Gained mutation: You regenerate magic rapidly. [demonic
                  | ancestry]
   530 | D:1      | Reached XP level 2. HP: 15/21 MP: 3/5
   530 | D:1      | Quit the game

Illustrated notes

Levels and vault maps discovered:
D:1:      minmay_arrival_plants_in_alcoves, layout_loops_corners,
          ebering_ecumenical_altar_webs, minmay_split_cup_small

Skill      XL: |  1 |
---------------+----+-----
Transmutations | 2 |  2.0
Fighting       | |  1.2
Dodging        | |  1.9
Stealth        | |  0.5
Unarmed Combat | |  2.6
Spellcasting   | |  2.1

Action                   || total
-------------------------++-------
Melee: Dagger            ||    21
       Unarmed           ||    11
       Kick              ||     4
       Headbutt          ||     1
       Punch             ||     1
 Cast: Beastly Appendage ||     3
Armor: Robe              ||     4
Dodge: Dodged            ||    16
